 Dungeon Crawl Stone Soup version 0.22-a0-515-g75794bf (webtiles) character file.

3556 pk666 the Thaumaturge (level 9, -13/45 HPs)
             Began as a Deep Elf Fire Elementalist on June 20, 2018.
             Was a Believer of Vehumet.
             Mangled by an ogre
             ... wielding a +0 giant spiked club
              (27 damage)
             ... on level 8 of the Dungeon.
             The game lasted 00:22:24 (7733 turns).

pk666 the Thaumaturge (Deep Elf Fire Elementalist)  Turns: 7733, Time: 00:22:25

Health: -13/45     AC:  4    Str:  5    XL:     9   Next: 83%
Magic:  2/25       EV: 13    Int: 24    God:    Vehumet [**....]
Gold:   374        SH:  0    Dex: 15    Spells: 15/28 levels left

rFire    . . .     SeeInvis .   (no weapon)
rCold    . . .     Gourm    .   (no shield)
rNeg     . . .     Faith    .   a - +0 robe
rPois    +         Spirit   .   (no helmet)
rElec    .         Reflect  .   I - +0 cloak
rCorr    .         Harm     .   (no gloves)
MR       +....                  x - +0 pair of boots
Stlth    ++........             (no amulet)
HPRegen  0.15/turn              v - ring of protection from magic
MPRegen  0.19/turn              w - ring of poison resistance

@: no status effects
A: no striking features
a: Renounce Religion


You were on level 8 of the Dungeon.
You worshipped Vehumet.
Vehumet was pleased with you.
You were near starving.

You visited 2 branches of the dungeon, and saw 9 of its levels.
You also visited: Sewer.

You collected 374 gold pieces.

Inventory:

Armour
 a - a +0 robe (worn)
 x - a +0 pair of boots (worn)
 I - a +0 cloak (worn)
Jewellery
 v - a ring of protection from magic (left hand)
 w - a ring of poison resistance (right hand)
 B - an uncursed ring of protection from fire
 E - a +3 ring of strength
 H - an uncursed ring of magical power {unknown}
Wands
 m - a wand of acid (4)
 t - a wand of polymorph (17)
 y - a wand of digging (15)
 A - a wand of flame (28)
 D - a wand of iceblast (4)
 J - a wand of random effects (19)
Scrolls
 b - 2 scrolls of identify
 e - a scroll of magic mapping {unknown}
 f - 8 scrolls of remove curse
 g - 2 scrolls of amnesia {unknown}
 h - 2 scrolls of noise {unknown}
 i - 2 scrolls of enchant armour {unknown}
 j - 4 scrolls of fear {unknown}
 o - a scroll of blinking {unknown}
 p - a scroll of fog {unknown}
 q - a scroll of enchant weapon {unknown}
 F - 3 scrolls of teleportation {unknown}
Potions
 d - 2 potions of heal wounds
 k - a potion of flight
 l - 5 potions of curing
 n - 3 potions of brilliance
 r - a potion of cancellation {unknown}
 s - a potion of ambrosia
 u - a potion of resistance
 z - 3 potions of might
 C - a potion of agility
 G - 2 potions of mutation {unknown}
Comestibles
 c - 12 rations


   Skills:
 - Level 2.4 Dodging
 - Level 2.4 Stealth
 + Level 10.4 Spellcasting
 + Level 9.8 Conjurations
 + Level 9.2 Fire Magic


You had 15 spell levels left.
You knew the following spells:

 Your Spells              Type           Power        Failure   Level  Hunger
a - Flame Tongue          Conj/Fire      #####        1%          1    None
b - Sticky Flame          Conj/Fire      ######..     1%          4    None
c - Conjure Flame         Conj/Fire      ######..     1%          3    None
z - Fireball              Conj/Fire      ######....   2%          5    ####...

Your spell library contained the following spells:

 Spells                   Type           Power        Failure   Level  Hunger
 Throw Flame              Conj/Fire      ######       1%          2    None
 Mephitic Cloud           Conj/Pois/Air  ####....     4%          3    None
 Venom Bolt               Conj/Pois      #####.....   19%         5    ####...
 Olgreb's Toxic Radiance  Pois           ##......     45%         4    None
 Sting                    Conj/Pois      ####         1%          1    None
 Statue Form              Tmut/Erth      ##.......    100%        6    #####..
 Passwall                 Tmut/Erth      ##......     8%          2    None
 Sandblast                Erth           ##....       4%          1    None
 Inner Flame              Hex/Fire       ####....     2%          3    None
 Poisonous Vapours        Pois/Air       ##....       8%          2    None


Dungeon Overview and Level Annotations

Branches:
Dungeon (8/15)             Temple (1/1) D:6            Lair (0/6) D:8

Altars:
Ashenzari
Cheibriados
Dithmenos
Elyvilon
Fedhas
Hepliaklqana
Kikubaaqudgha
Makhleb
Nemelex Xobeh
Okawaru
Qazlal
Ru
Sif Muna
Trog
Uskayaw
Vehumet
Wu Jian
Yredelemnul
The Shining One

Shops:
D:6 *   D:7 [

Annotations:
D:3 3 runed doors, inc's ghost, amateur OpIE
D:5 3 runed doors, TheNamelessOne's ghost, novice OpTm


Message History

The basilisk bites you!
* * * LOW HITPOINT WARNING * * *
Casting: Flame Tongue (safe; 1% risk of failure)
Confirm with . or Enter, or press ? or * to list all spells.
Aiming: Sticky Flame (safe; 1% risk of failure)
Press: ? - help, Shift-Dir - straight line, f/p - basilisk
Aim: a basilisk (severely wounded)
The sticky flame hits the basilisk.
The basilisk is severely wounded.
The basilisk is covered in liquid flames!
You hear a shout!
The basilisk burns!
The basilisk gazes at you. You resist with almost no effort.
The basilisk burns!
You kill the basilisk!
Vehumet accepts your kill.
The ogre hits you with a giant spiked club!!
Ouch! That really hurt!
You die...

####.....#.##.#..#..#
........)#.##<......#
####.....#.......#.##
##...#######.....
#.....# ...# #.###.#
..# #.# #.# .#
#.###Y# ##.#
#.@..o#########....
###O##.....##......
#..........#..P....
#.#.##.........l...
##.#.######.......>.
#....# ##..PP....
#..### ##..P....
#.###.l# #####...)..
#>.....####
#..####....


You could see an elephant, an ogre and an orc.

Vanquished Creatures
  Pikel (D:4)
  Grinder (D:4)
  A hippogriff (D:7)
  A basilisk (D:8)
  Eustachio (D:6)
  Edmund (D:4)
  Purgy (Sewer)
  An ice beast (D:6)
  2 phantoms
  3 ogres
  A necrophage (D:5)
  Blork the orc (D:4)
  2 bullfrogs
  A wyvern zombie (D:7)
  2 scorpions
  6 killer bees (D:8)
  A howler monkey (D:7)
  A crimson imp (D:8)
  2 quasits (D:5)
  An orc priest (D:6)
  A bullfrog zombie (D:4)
  3 bullfrog skeletons
  A hound (D:4)
  2 jellies
  A centaur skeleton (D:5)
  2 iguanas
  8 orc wizards
  3 worker ants
  A hound skeleton (D:7)
  2 hound zombies (D:7)
  2 howler monkey skeletons
  9 adders
  3 shadow imps
  A white imp (D:6)
  An ooze (D:3)
  6 adder zombies
  A worm (D:4)
  4 dart slugs
  7 leopard geckos
  14 orcs
  14 giant cockroaches
  8 goblins
  4 hobgoblins
  8 jackals
  3 quokkas
  5 ball pythons
  9 bats
  12 frilled lizards
  A jackal zombie (D:4)
  4 kobolds
  A leopard gecko skeleton (D:8)
  A leopard gecko zombie (D:4)
  4 quokka skeletons
  7 rats
184 creatures vanquished.

Vanquished Creatures (others)
  A slave (D:4)
  A worker ant (D:4)
  A hound zombie (D:4)
  A giant cockroach (D:4)
  A quokka (D:4)
5 creatures vanquished.

Grand Total: 189 creatures vanquished

Notes
Turn   | Place    | Note
-------+----------+-------------------------------------------
     0 | D:1      | pk666 the Deep Elf Fire Elementalist began the quest for the Orb.
     0 | D:1      | Reached XP level 1. HP: 10/10 MP: 6/6
   508 | D:1      | Reached XP level 2. HP: 15/15 MP: 6/8
   924 | D:2      | Reached XP level 3. HP: 14/19 MP: 3/10
  1564 | D:2      | Reached XP level 4. HP: 19/24 MP: 1/11
  1649 | D:2      | Learned a level 4 spell: Sticky Flame
  1653 | D:2      | Learned a level 3 spell: Conjure Flame
  1852 | D:3      | Reached skill level 4 in Spellcasting
  2148 | D:3      | Found a runed gate.
  2149 | D:3      | Found a runed gate.
  2150 | D:3      | Found a runed gate.
  2160 | D:3      | Noticed inc's ghost (amateur OpIE)
  2260 | D:3      | Reached XP level 5. HP: 28/28 MP: 10/13
  2324 | D:3      | Found a glowing drain.
  2353 | Sewer    | Entered a sewer
  2376 | Sewer    | Noticed Purgy
  2382 | Sewer    | Killed Purgy
  2623 | D:3      | Learned a level 5 spell: Fireball
  2908 | D:4      | Reached skill level 5 in Spellcasting
  2970 | D:4      | Reached XP level 6. HP: 32/32 MP: 11/15
  3024 | D:4      | Reached skill level 5 in Conjurations
  3049 | D:4      | Found a sacrificial altar of Ru.
  3209 | D:4      | Noticed a slave
  3211 | D:4      | Noticed Pikel
  3215 | D:4      | Noticed a slave
  3216 | D:4      | Noticed a slave
  3217 | D:4      | Noticed Blork the orc
  3219 | D:4      | Noticed a slave
  3226 | D:4      | Killed Blork the orc
  3226 | D:4      | Reached skill level 5 in Fire Magic
  3232 | D:4      | Killed Pikel
  3232 | D:4      | Reached skill level 6 in Spellcasting
  3232 | D:4      | Reached XP level 7. HP: 36/36 MP: 0/18
  3249 | D:4      | Noticed Edmund
  3394 | D:4      | Found a deep blue altar of Sif Muna.
  3456 | D:4      | Killed Edmund
  3574 | D:4      | Found a burning altar of Makhleb.
  3575 | D:4      | Found a radiant altar of Vehumet.
  3582 | D:4      | Reached XP level 8. HP: 32/41 MP: 13/20
  3587 | D:4      | Became a worshipper of Vehumet
  3717 | D:4      | Noticed Grinder
  3726 | D:4      | Killed Grinder
  3726 | D:4      | Reached skill level 7 in Spellcasting
  3907 | D:5      | Entered Level 5 of the Dungeon
  3928 | D:5      | Found a runed gate.
  3928 | D:5      | Found a runed gate.
  3929 | D:5      | Found a runed gate.
  3933 | D:5      | Noticed TheNamelessOne's ghost (novice OpTm)
  3961 | D:5      | Found a glowing golden altar of the Shining One.
  4195 | D:5      | Reached skill level 8 in Spellcasting
  4782 | D:5      | Reached * piety under Vehumet
  4782 | D:5      | Offered knowledge of Shock by Vehumet.
  5121 | D:6      | Found a staircase to the Ecumenical Temple.
  5307 | Temple   | Entered the Ecumenical Temple
  5551 | D:6      | Reached XP level 9. HP: 37/45 MP: 16/23
  5643 | D:6      | Found a snail-covered altar of Cheibriados.
  5674 | D:6      | Identified the Incunabulum of Stones and Ignition
  6030 | D:6      | Reached skill level 9 in Spellcasting
  6105 | D:6      | Noticed Eustachio
  6136 | D:6      | Killed Eustachio
  6381 | D:6      | Found Moso's Assorted Antiques.
  6965 | D:7      | Reached ** piety under Vehumet
  6965 | D:7      | Offered knowledge of Sting by Vehumet.
  7167 | D:7      | Found a shattered altar of Ashenzari.
  7173 | D:7      | Found Heuckeic's Armour Boutique.
  7550 | D:8      | Reached skill level 10 in Spellcasting
  7673 | D:8      | Found a staircase to the Lair.
  7726 | D:8      | Noticed an elephant
  7733 | D:8      | Mangled by an ogre

Vault maps used:
D:1:      evilmike_arrival_crescent
D:3:      gup_sewer_entry_pipe, gammafunk_ghost_necromancy
D:4:      grunt_temple_overflow_lords_of_destruction, overflow_temple_1_default,
          serial_undead, serial_undead_a, serial_undead_d, serial_undead_d,
          serial_undead_d, first_ration, nicolae_ru_great_annihilating_truth,
          uniq_grinder, uniq_pikel, uniq_blork_the_orc, uniq_edmund
D:5:      tso_metal_star, gammafunk_ghost_necromancy, kennysheep_generic_room_16
D:6:      temple_fountains, serial_shops, shop_statue, kennysheep_slug_shrine,
          uniq_eustachio
D:7:      lemuel_crystal_altar, serial_shops, nicolae_shop_trees
D:8:      nicolae_overflow_crystal_walls,
          nicolae_gozag_cash_rules_everything_around_me,
          overflow_temple_1_default, david_lair_generic, grunt_ogre_cave
Temple:   nicolae_temple_figure_eight
Sewer:    sewer_co_purgy_island

Skill      XL: |  1  2  3  4  5  6  7  8  9 |
---------------+----------------------------+-----
Conjurations   | 2 3 4 6 7 8 9 |  9.8
Spellcasting   | 4 5 6 8 10 | 10.4
Fire Magic     | 4 5 6 7 9 |  9.2
Dodging        | |  2.4
Stealth        | |  2.4

Action                   |  1- 3 |  4- 6 |  7- 9 || total
-------------------------+-------+-------+-------++-------
Melee: Unarmed           |       |     2 |     7 ||     9
 Cast: Flame Tongue      |    65 |   111 |   257 ||   433
       Conjure Flame     |       |     3 |    13 ||    16
       Sticky Flame      |       |       |    15 ||    15
       Fireball          |       |       |     5 ||     5
Evoke: Wand              |       |       |    14 ||    14
  Use: Scroll            |       |       |    11 ||    11
  Eat: Chunk             |     2 |     5 |    13 ||    20
Armor: Robe              |     5 |     3 |    25 ||    33
Dodge: Dodged            |    21 |    17 |    78 ||   116

Table legend:
 A = Spawn XP
 B = Non-spawn XP
 C = Spawn XP percentage of total XP
 D = Spawn monster count
 E = Non-spawn monster count
 F = Spawn count percentage of total count
 G = Total turns spent on level
                    A         B        C        D         E        F      G
               +---------+---------+-------+---------+---------+-------+---------
         Total |       0 |    5081 |   0.0 |       0 |     184 |   0.0 |  7733
               +---------+---------+-------+---------+---------+-------+---------
           D:1 |       0 |      16 |   0.0 |       0 |      13 |   0.0 |   782
           D:2 |       0 |      88 |   0.0 |       0 |      22 |   0.0 |  1060
           D:3 |       0 |     118 |   0.0 |       0 |      35 |   0.0 |   821
           D:4 |       0 |    1376 |   0.0 |       0 |      23 |   0.0 |  1008
           D:5 |       0 |     889 |   0.0 |       0 |      32 |   0.0 |  1197
           D:6 |       0 |     836 |   0.0 |       0 |      27 |   0.0 |  1367
           D:7 |       0 |     747 |   0.0 |       0 |      12 |   0.0 |   852
           D:8 |       0 |     867 |   0.0 |       0 |      13 |   0.0 |   210
         Sewer |       0 |     144 |   0.0 |       0 |       7 |   0.0 |   236
               +---------+---------+-------+---------+---------+-------+---------
